cohdb
Replays
Latest Replays
All Replays
Popular Replays
Top Player Replays
Match Explorer
How It Works
Community
CoH3 Stats
Reddit
Sign in to upload your games and track your stats! →
Sign in with Steam
Match 40731631
Unlisted
Match 40731631
Overview
Messages
Build Orders
End
Vickers Machine Gun Team
Construct Section Command Post
Selects Canadian Shock Battlegroup
Vickers Machine Gun Team
ML 3-inch Mortar Team
Selects Attacking Spirit
Selects Canadian Shock Section
Canadian Shock Section
Canadian Shock Section
Construct Platoon Command Post
Selects Incendiary Munitions
CMP 15cwt Truck
Construct Company Command Post
Unlock M3 Grant Medium Tanks
Selects Pyrotechnics
M3 Grant Medium Tank
Royal Engineer Section
M3 Grant Medium Tank
Old Saint Henderson
SgtSteiner
Daggerslash
彡★🔻SALADIN🔻★彡
EL-Z3AMA 5:40
Zingo Elzengy
0
0
Comments
sign in to comment!
No comments posted yet!